 Dungeon Crawl Stone Soup version 0.23-a0-137-gef0ad6d (webtiles) character file.

613 mopl the Firebug (level 7, -3/36 HPs)
             Began as a Deep Elf Fire Elementalist on Aug 29, 2018.
             Slain by an orc
             ... wielding a +0 flail
              (4 damage)
             ... on level 5 of the Dungeon.
             The game lasted 00:10:18 (3883 turns).

mopl the Firebug (Deep Elf Fire Elementalist)       Turns: 3883, Time: 00:10:18

Health: -3/36      AC:  3    Str:  5    XL:     7   Next: 20%
Magic:  9/17       EV: 13    Int: 25    God:
Gold:   304        SH:  0    Dex: 13    Spells: 3/16 levels left

rFire    . . .     SeeInvis .   r - +7 Singing Sword
rCold    . . .     Gourm    .   (no shield)
rNeg     . . .     Faith    .   a - +0 robe
rPois    .         Spirit   .   (no helmet)
rElec    .         Reflect  .   s - +0 cloak
rCorr    .         Harm     .   (no gloves)
MR       .....                  (no boots)
Stlth    ++........             (no amulet)
HPRegen  0.12/turn              l - +3 ring of intelligence
MPRegen  0.15/turn              o - -2 ring of dexterity (curse)

@: no status effects
A: no striking features
a: no special abilities


You were on level 5 of the Dungeon.
You were not hungry.

You visited 1 branch of the dungeon, and saw 5 of its levels.

You collected 304 gold pieces.

Inventory:

Hand Weapons
 f - a +0 spear
 r - the +7 Singing Sword (weapon)
   (You found it on level 4 of the Dungeon)
Missiles
 b - a tomahawk of returning (quivered)
 d - 3 tomahawks
Armour
 a - a +0 robe (worn)
 p - a +0 buckler
 s - a +0 cloak (worn)
Jewellery
 l - a +3 ring of intelligence (left hand)
 o - a cursed -2 ring of dexterity (right hand)
Scrolls
 e - 2 scrolls of amnesia {unknown}
 g - 2 scrolls of teleportation
 m - 2 scrolls of remove curse {unknown}
 q - 4 scrolls of enchant weapon {unknown}
Potions
 h - 2 potions of cancellation
 j - a potion of curing
 k - a potion of lignification {!q}
 n - 3 potions of haste
 t - a potion of mutation {!q}
Comestibles
 c - 9 rations


   Skills:
 - Level 2.4 Dodging
 - Level 2.4 Stealth
 + Level 5.4 Spellcasting
 * Level 5.3 Conjurations
 * Level 6.3 Fire Magic


You had 3 spell levels left.
You knew the following spells:

 Your Spells              Type           Power        Failure   Level  Hunger
a - Flame Tongue          Conj/Fire      #####        1%          1    None
c - Conjure Flame         Conj/Fire      #####...     2%          3    #......
d - Sticky Flame          Conj/Fire      #####...     7%          4    ###....
x - Fireball              Conj/Fire      #####.....   21%         5    #####..

Your spell library contained the following spells:

 Spells                   Type           Power        Failure   Level  Hunger
 Throw Flame              Conj/Fire      #####.       1%          2    None
 Inner Flame              Hex/Fire       ###.....     6%          3    #......
 Animate Skeleton         Necr           N/A          8%          1    None
 Apportation              Tloc           #.....       8%          1    None
 Confusing Touch          Hex            #.....       8%          1    None
 Summon Small Mammal      Summ           #...         8%          1    None


Dungeon Overview and Level Annotations

Branches:
Dungeon (5/15)
 Temple: D:4-7

Altars:
Elyvilon
Gozag
Nemelex Xobeh
Sif Muna
Trog
Wu Jian
Xom

Annotations:
D:2 dig


Message History

Unknown command.
Okay, then.
The Screaming Sword shrieks like a hungry bull.
The crimson imp and the sky beast are hurt by the noise.
Your surroundings suddenly seem different.
An orc comes into view. It is wielding a flail.
Found 10 poisoned needles and a rapier.
Unknown command.
Casting: Sticky Flame (safe; 7% risk of failure)
Confirm with . or Enter, or press ? or * to list all spells.
Aiming: Flame Tongue (safe; 1% risk of failure)
Press: ? - help, Shift-Dir - straight line, f - orc
Aim: an orc, wielding a flail and wearing a ring mail (hasn't noticed you)
The flame tongue hits the orc.
The orc is almost dead.
The orc shouts!
You hear a shout!
An orc priest comes into view.
An orc comes into view. It is wielding a flail.
The orc hits you with a flail.
You die...

# # ##. # o. ..
.## #o##.# ....
##..... .....
.......##......
#..(..o@'......
##.....##......
#..... .....
###..# ....
.... ).. ###.#
+# #. #.


You could see an orc priest and 2 orcs.

Vanquished Creatures
  Eustachio (D:4)
  5 scorpions
  An iguana (D:4)
  8 adders
  4 gnolls (D:3)
  An ooze (D:2)
  3 worms (D:2)
  4 leopard geckos
  3 orcs
  A ball python (D:3)
  4 giant cockroaches
  7 goblins
  11 hobgoblins
  3 quokkas
  14 bats
  3 frilled lizards
  9 kobolds
  A quokka zombie (D:5)
  11 rats
  A fungus (D:1)
95 creatures vanquished.

Vanquished Creatures (others)
  A quokka (D:3)
1 creature vanquished.

Grand Total: 96 creatures vanquished

Notes
Turn   | Place    | Note
-------+----------+-------------------------------------------
     0 | D:1      | mopl the Deep Elf Fire Elementalist began the quest for the
                  | Orb.
     0 | D:1      | Reached XP level 1. HP: 10/10 MP: 6/6
   397 | D:1      | Reached XP level 2. HP: 15/15 MP: 2/8
   683 | D:1      | Reached skill level 2 in Conjurations
   864 | D:1      | Found a sparkling altar of Nemelex Xobeh.
  1002 | D:2      | Found an ornate altar of the Wu Jian Council.
  1004 | D:2      | Found a white marble altar of Elyvilon.
  1005 | D:2      | Found a deep blue altar of Sif Muna.
  1041 | D:2      | Reached XP level 3. HP: 17/19 MP: 4/9
  1181 | D:2      | Reached skill level 4 in Fire Magic
  1382 | D:2      | Noticed a moth of wrath
  1388 | D:2      | Found a bloodstained altar of Trog.
  1401 | D:2      | Learned a level 3 spell: Conjure Flame
  1665 | D:2      | Noticed a scorpion
  1672 | D:2      | Killed a scorpion
  1672 | D:2      | Reached skill level 4 in Spellcasting
  1672 | D:2      | Reached skill level 3 in Conjurations
  1672 | D:2      | Reached XP level 4. HP: 24/24 MP: 2/12
  1678 | D:2      | Learned a level 4 spell: Sticky Flame
  2209 | D:3      | Reached XP level 5. HP: 28/28 MP: 8/13
  2374 | D:3      | Found a white marble altar of Elyvilon.
  2449 | D:3      | Reached skill level 5 in Fire Magic
  2962 | D:4      | Found an opulent altar of Gozag.
  3054 | D:4      | Noticed Eustachio
  3097 | D:4      | Killed Eustachio
  3097 | D:4      | Reached skill level 4 in Conjurations
  3097 | D:4      | Reached XP level 6. HP: 28/32 MP: 2/15
  3281 | D:4      | Reached skill level 5 in Spellcasting
  3367 | D:4      | Reached skill level 6 in Fire Magic
  3387 | D:4      | Reached skill level 5 in Conjurations
  3420 | D:4      | Reached XP level 7. HP: 32/36 MP: 7/17
  3456 | D:4      | Found the +7 Singing Sword
  3570 | D:4      | Found a shimmering altar of Xom.
  3604 | D:4      | Learned a level 5 spell: Fireball
  3738 | D:5      | Entered Level 5 of the Dungeon
  3881 | D:5      | HP: 1/36 [crimson imp/lajatang (14)]
  3883 | D:5      | Slain by an orc

Vault maps used:
D:1:      lemuel_arrival_cross, minmay_gold_behind_fungi,
          grunt_decor_mini_mirrors, nemelex_xobeh_ov_fountains_minmay
D:2:      wad_pebble_path, tgw_trog, gammafunk_temple_overflow_forgotten,
          first_ration, minivault_4, lightli_corner_chamber
D:3:      elyvilon_altar_4
D:4:      old_forge, grunt_gozag_statues, lemuel_crystal_altar, uniq_eustachio
D:5:      vehumet_crystals, yredelemnul_forgotten_temple_becter, uniq_edmund

Skill      XL: |  1  2  3  4  5  6 |
---------------+-------------------+-----
Conjurations   | 2 3 4 5 |  5.3
Fire Magic     | 4 5 6 |  6.3
Spellcasting   | 4 5 |  5.4
Dodging        | |  2.4
Stealth        | |  2.4

Action                   |  1- 3 |  4- 6 |  7- 9 || total
-------------------------+-------+-------+-------++-------
Melee: Unarmed           |    42 |       |       ||    42
       Spear             |    20 |    32 |    16 ||    68
       Double sword      |       |       |     5 ||     5
Throw: Tomahawk          |    18 |     5 |     4 ||    27
 Cast: Flame Tongue      |    63 |    74 |     8 ||   145
       Conjure Flame     |     5 |     5 |       ||    10
       Sticky Flame      |       |     2 |     2 ||     4
  Use: Scroll            |     1 |     4 |     2 ||     7
 Stab: Held in net/web   |       |     1 |       ||     1
  Eat: Chunk             |     3 |     5 |     2 ||    10
Armor: Robe              |     6 |    16 |     4 ||    26
Dodge: Dodged            |    24 |    32 |    14 ||    70
       Rpst.: Double sword |       |       |     2 ||     2

Table legend:
 A = Non-vault XP
 B = Vault XP
 C = Vault XP percentage of total XP
 D = Non-vault monster count
 E = Vault monster count
 F = Vault count percentage of total count
                 A         B        C        D         E       F
            +---------+---------+-------+---------+---------+-------
      Total |     355 |     521 |  59.5 |      75 |      19 |  20.2
            +---------+---------+-------+---------+---------+-------
        D:1 |      33 |       0 |   0.0 |      21 |       0 |   0.0
        D:2 |     119 |      13 |   9.8 |      21 |       5 |  19.2
        D:3 |     124 |       0 |   0.0 |      27 |       0 |   0.0
        D:4 |      62 |     508 |  89.1 |       3 |      14 |  82.4
        D:5 |      17 |       0 |   0.0 |       3 |       0 |   0.0
            +---------+---------+-------+---------+---------+-------
